Cogmind - Beta 13 @@@ ROGUE MODE // 2024.04.29 @ 04:34:31 Player: A Moose Result: Destroyed by WR-U6E(R) with Subdweller Machine Gun Performance ------------- Evolutions (0) 0 Regions Visited (3) 600 Robots Destroyed (25) 125 Value Destroyed (502) 502 Prototype IDs (10) 200 Alien Tech Used (0) 0 Bonus (-9) -9 TOTAL SCORE: 1418 Bonus ------- Friendly Fire -9 Cogmind --------- Core Integrity 0/250 Matter 154/300 Energy 200/200 System Corruption 0% Temperature Cool (6) Movement Core (200) Ox3 Location -10/Subcaves Parts ------- > --- POWER (1) -------- Subdweller Power Source > --- PROPULSION (2) --- (None) > --- UTILITY (2) ------ (None) > --- WEAPON (2) ------- Assault Rifle Light Cannon > --- INVENTORY (5) ---- Gun Armor EM Pulse Gun Riot Gun Grenade Launcher Shrapnel Trap Peak State ------------ > --- POWER ------------ Light Ion Engine > --- PROPULSION ------- Light Treads Light Treads > --- UTILITY ---------- Scrap Shield > --- WEAPON ----------- Riot Gun Light Cannon > --- INVENTORY -------- Gun Armor EM Pulse Gun Assault Rifle Grenade Launcher Shrapnel Trap [Rating: 12] Favorites ----------- Power Light Ion Engine Engine Light Ion Engine Propulsion Light Treads Treads Light Treads Utility Medium Storage Unit Device Improved Terrain Scanner Storage Medium Storage Unit Protection Scrap Shield Weapon Assault Rifle Energy Gun Riot Gun Ballistic Gun Assault Rifle Ballistic Cannon Light Cannon Launcher Grenade Launcher Slashing Weapon Mining Claw Build | -11 -10 -10 -10 ------- Run | Yrd Mat Min Sub Slots Evolved . | . . . . Power . | . . . . Propulsion . | . . . . Utility . | . . . . Weapon . | . . . . Parts Attached 25 | 6 5 3 11 Power 3 | 1 1 . 1 Engine 3 | 1 1 . 1 Core . | . . . . Reactor . | . . . . Propulsion 3 | 2 1 . . Treads 3 | 2 1 . . Leg . | . . . . Wheel . | . . . . Hover . | . . . . Flight . | . . . . Utility 4 | 1 1 1 1 Device 1 | . . 1 . Storage 2 | 1 1 . . Processor . | . . . . Hackware . | . . . . Protection 1 | . . . 1 Artifact . | . . . . Weapon 15 | 2 2 2 9 Energy Gun 3 | 1 . . 2 Energy Cannon . | . . . . Ballistic Gun 5 | 1 . 1 3 Ballistic Cannon 2 | . . . 2 Launcher 4 | . 2 . 2 Special Weapon . | . . . . Impact Weapon . | . . . . Slashing Weapon 1 | . . 1 . Piercing Weapon . | . . . . Special Melee Weapon . | . . . . Unidentified Prototypes . | . . . . Parts Lost 6 | . 2 . 4 Power 2 | . 1 . 1 Propulsion 2 | . . . 2 Utility 1 | . . . 1 Weapon 1 | . 1 . . Highest Loss Streak 4 | . 1 . 4 To Critical Strikes . | . . . . Average Slot Usage (%) 88 | . 83 89 90 Engine 13 | . 12 14 13 Treads 27 | . 28 28 27 Device 4 | . . 4 7 Storage 11 | . 14 14 7 Protection 2 | . . . 6 Energy Gun 7 | . 12 . 11 Ballistic Gun 11 | . 14 10 11 Ballistic Cannon 1 | . . . 3 Launcher 3 | . 1 8 1 Slashing Weapon 2 | . . 8 . Naked Turns . | . . . . Heaviest Build 27 | 12 18 18 27 Greatest Support 40 | 40 40 40 40 Greatest Overweight (x) 1 | . . . 1 Average Overweight (x) . | . . . . Largest Inventory Capacity 10 | 8 10 10 10 Average Capacity 8 | 7 9 10 7 Most Carried 9 | 4 5 7 9 Average Carried 5 | 1 2 4 6 Final Capacity 10 | 8 10 10 5 Final Carried 7 | 1 4 7 5 Class Distribution -------------------- 100% | Mutant Dominant Class ---------------- Mutant | -10/Materials Mutant | -10/Mines Mutant | -10/Subcaves Resources | -11 -10 -10 -10 ----------- Run | Yrd Mat Min Sub Matter Collected 696 | 200 233 195 68 Remotely . | . . . . Salvage Created 629 | . 499 83 47 Parts 40 | . 33 5 2 Haulers Intercepted 1 | . 1 . . Recyclers Shooed 7 | . 7 . . Parts Field Recycled . | . . . . Retrieved Matter . | . . . . Parts Self-Destructed 9 | . . . 9 Prevented . | . . . . Kills | -11 -10 -10 -10 ------- Run | Yrd Mat Min Sub Combat Hostiles Destroyed 17 | . 12 3 2 Guns 11 | . 9 1 1 AOE 6 | . 3 2 1 Classes Destroyed 8 | . 6 1 1 Worker 2 | . 2 . . Tunneler 1 | . . 1 . Hauler 1 | . 1 . . Recycler 3 | . 3 . . Watcher 1 | . 1 . . Swarmer 9 | . 9 . . Grunt 6 | . 3 3 . Subdweller 2 | . . . 2 Best Kill Streak 6 | . 6 2 2 Combat Bots Only 3 | . 3 2 2 Max Kills in Single Turn 2 | . 2 1 1 Gunslinging . | . . . . Exploded 1 | . 1 1 1 Melee . | . . . . Uniques/NPCs Destroyed . | . . . . Combat | -11 -10 -10 -10 -------- Run | Yrd Mat Min Sub Hostile Shots Fired 130 | . 80 15 35 Missed 32 | . 19 5 8 Damage Taken 1351 | . 604 115 632 Core 262 | . 118 21 123 Absorbed by Shields . | . . . . Core Remaining (%) 100 | 100 . . . Volleys Fired 94 | . 59 14 21 Largest 2 | . 2 2 2 Hottest 85 | . 70 50 85 Shots Fired 173 | . 116 19 38 Gun 144 | . 111 14 19 Cannon 17 | . . . 17 Launcher 12 | . 5 5 2 Special . | . . . . Kinetic 102 | . 59 14 29 Thermal 52 | . 52 . . Explosive 12 | . 5 5 2 Electromagnetic 7 | . . . 7 Robot Hit Streak 11 | . 7 11 6 Robot Miss Streak 5 | . 5 2 3 Penetration Max . | . . . . Secondary Targets 3 | . 3 . . Max Gunslinging Chain 1 | . 1 . . Shots Hit Robots 93 | . 61 12 20 Core Hits 35 | . 24 7 4 Critical Kills . | . . . . Critical Parts Destroyed 1 | . 1 . . Critical Strikes 2 | . 2 . . Burn 1 | . 1 . . Destroy 1 | . 1 . . Melee Attacks 4 | . . 4 . Impact . | . . . . Slashing 4 | . . 4 . Piercing . | . . . . Sneak Attacks . | . . . . Combat Hostiles . | . . . . Follow-up Attacks . | . . . . Damage Inflicted 1657 | 2 1016 273 366 Guns 922 | . 737 80 105 Cannons 179 | . . . 179 Explosions 535 | . 279 174 82 Melee . | . . . . Ramming 21 | 2 . 19 . Kinetic 672 | . 341 80 251 Thermal 458 | . 458 . . Explosive 473 | . 217 174 82 Electromagnetic 33 | . . . 33 Impact . | . . . . Slashing . | . . . . Piercing . | . . . . Highest Corruption . | . . . . Average Corruption . | . . . . Corruption Purged . | . . . . Corruption Blocked . | . . . . Overload Shots . | . . . . Overflow Damage 5 | . 5 . . Projectiles . | . . . . Explosions 5 | . 5 . . Melee . | . . . . Knockbacks 3 | . . . 3 Impact . | . . . . Kinetic 3 | . . . 3 Secondary . | . . . . Self-Inflicted Damage 83 | . 73 . 10 Shots 3 | . 2 . 1 Rammed 6 | 1 . 5 . Targets Rammed 7 | 1 . 6 . Kicked . | . . . . Crushed 1 | . . 1 . Highest Temperature 144 | . 144 5 . Average Temperature 33 | . 34 2 . Received Heat Transfer 276 | . 114 63 99 Siege Activations . | . . . . Robots Corrupted . | . . . . Combat Hostiles . | . . . . Parts Fried . | . . . . Impact Corruptions . | . . . . Robots Melted . | . . . . Combat Hostiles . | . . . . Parts Melted . | . . . . Heat Transferred 1308 | . 1308 . . Parts Sabotaged . | . . . . Parts Stolen . | . . . . Parts Stripped . | . . . . Power Chain Reactions . | . . . . Alert | -11 -10 -10 -10 ------- Run | Yrd Mat Min Sub Peak Influence 306 | . 306 223 . Initial 118 | . . 118 . Average 110 | . 130 107 . Maximum Alert Level 1 | . 1 1 . Low Security (%) 86 | 100 91 81 . Level 1 13 | . 8 18 . Level 2 . | . . . . Level 3 . | . . . . Level 4 . | . . . . Level 5 . | . . . . High Security . | . . . . Max Security . | . . . . Squads Dispatched 2 | . 2 . . Investigation 1 | . 1 . . Extermination . | . . . . Reinforcement 1 | . 1 . . Assault . | . . . . Garrison . | . . . . Intercept . | . . . . Searches Triggered . | . . . . Construction Impeded . | . . . . Haulers Reinforced . | . . . . Active Scanning Responses . | . . . . Cargo Convoy Interrupts . | . . . . Stealth | -11 -10 -10 -10 --------- Run | Yrd Mat Min Sub Distress Signals 2 | . 1 1 . Communications Jammed . | . . . . Distress Signals . | . . . . Times Spotted 27 | . 19 4 4 Peak Tracking Total 6 | . 6 2 2 Tactical Retreats 1 | . . 1 . Traps | -11 -10 -10 -10 ------- Run | Yrd Mat Min Sub Traps Triggered . | . . . . Indirectly . | . . . . Trap Hack Attempts . | . . . . Triggered . | . . . . Disarmed . | . . . . Reprogrammed . | . . . . Reused . | . . . . Traps Extracted . | . . . . Installed . | . . . . Triggered . | . . . . Most Traps Carried 1 | . . . 1 Machines | -11 -10 -10 -10 ---------- Run | Yrd Mat Min Sub Machines Disabled 8 | . 7 . 1 Max in Single Turn 3 | . 3 . 1 Machines Repaired . | . . . . Machines Dismantled . | . . . . Machines Sabotaged . | . . . . Overloaded Fab Kills . | . . . . Hacking | -11 -10 -10 -10 --------- Run | Yrd Mat Min Sub Machines Accessed 3 | . 2 . 1 Terminals 2 | . 2 . . Fabricators . | . . . . Repair Stations . | . . . . Recycling Units . | . . . . Scanalyzers . | . . . . Garrison Access . | . . . . Total Hacks 14 | . 5 . 9 Successful 13 | . 4 . 9 Failed 1 | . 1 . . Catastrophic . | . . . . Database Lockouts . | . . . . Manual 1 | . 1 . . Terminals 5 | . 5 . . Fabricators . | . . . . Repair Stations . | . . . . Recycling Units . | . . . . Scanalyzers . | . . . . Garrison Access . | . . . . Terminal Hacks 12 | . 3 . 9 Record 8 | . . . 8 Robot Analysis 1 | . 1 . . Branch Access Points 1 | . 1 . . Locate Traps 1 | . 1 . . Derelict Proto ID Bank 1 | . . . 1 Fabricator Hacks . | . . . . Repair Station Hacks . | . . . . Recycling Unit Hacks . | . . . . Scanalyzer . | . . . . Garrison Access Hacks . | . . . . Unauthorized Hacks 1 | . 1 . . Terminals 1 | . 1 . . Track 1 | . 1 . . Fabricators . | . . . . Repair Stations . | . . . . Recycling Units . | . . . . Scanalyzers . | . . . . Garrison Access . | . . . . Data Cores Recovered . | . . . . Used . | . . . . Hacking Detections 2 | . 2 . . Full Trace Events 1 | . 1 . . Feedback Events . | . . . . Feedback Blocked . | . . . . Robot Schematics Acquired . | . . . . Robots Built . | . . . . Authchips . | . . . . Time . | . . . . Total Robot Build Rating . | . . . . Part Schematics Acquired . | . . . . Parts Built . | . . . . Authchips . | . . . . Time . | . . . . Total Part Build Rating . | . . . . Parts Repaired . | . . . . Time . | . . . . Parts Recycled . | . . . . Recycled Matter . | . . . . Retrieved Matter . | . . . . Retrieved Components . | . . . . Parts Scanalyzed . | . . . . Part Schematics Acquired . | . . . . Parts Damaged . | . . . . Bothacking | -11 -10 -10 -10 ------------ Run | Yrd Mat Min Sub Used RIF Installer . | . . . . Robots Hacked . | . . . . Non-combat . | . . . . Combat . | . . . . Robot Hacks Applied . | . . . . Relay Couplers Released . | . . . . Fabnet Peak Effective % . | . . . . Robots Rewired . | . . . . Allies Hacked . | . . . . Hacks Repelled . | . . . . Allies | -11 -10 -10 -10 -------- Run | Yrd Mat Min Sub Total Allies . | . . . . Largest Group . | . . . . Highest-Rated Group . | . . . . Highest-Rated Ally . | . . . . Total Orders . | . . . . Ally Attacks . | . . . . Total Damage . | . . . . Kills . | . . . . Allies Corrupted . | . . . . Allies Melted . | . . . . Intel | -11 -10 -10 -10 ------- Run | Yrd Mat Min Sub Robot Analysis Total 1 | . 1 . . Derelict Logs Recovered 2 | . . 1 1 Drone Launches . | . . . . Drone Recoveries . | . . . . Exploration | -11 -10 -10 -10 ------------- Run | Yrd Mat Min Sub Turns Passed 2203 | 63 498 694 948 Spaces Moved 1099 | 35 194 353 517 Core 11 | 6 . . 5 Treads 1088 | 29 194 353 512 Legs . | . . . . Wheels . | . . . . Hover . | . . . . Flight . | . . . . Fastest Speed 50 | 50 160 160 100 Average Speed 159 | 141 160 160 159 Slowest Speed 160 | 160 160 160 160 Overloaded Moves . | . . . . Propulsion Burnouts . | . . . . Robots Hopped . | . . . . Cave-ins Triggered . | . . . . Exploration Rate (%) 39 | 4 55 72 25 Regions Visited 3 Branch Regions 2 Pre-discovered Areas . | . . . . Known Exits Taken 1 | . 1 . . Unknown Exits Taken 2 | 1 . 1 . Scrap Searched 3 | . . 2 1 Spaces Dug . | . . . . Terrain Destroyed 118 | . 59 57 2 Melee . | . . . . Projectile . | . . . . AOE 118 | . 59 57 2 Terrain Rammed . | . . . . Walls Destroyed . | . . . . Machines Disabled . | . . . . Actions | -11 -10 -10 -10 --------- Run | Yrd Mat Min Sub Total 1367 | 48 266 451 602 Wait 110 | . 1 68 41 Move 1096 | 34 193 352 517 Hop . | . . . . Pick Up 21 | 7 6 4 4 Fast Attach 2 | . . . 2 Attach 10 | 6 3 1 . Detach 1 | . 1 . . Swap 13 | . 2 2 9 Drop 9 | . 1 . 8 Fire 94 | . 59 14 21 Melee 4 | . . 4 . Ram . | . . . . Kick . | . . . . Crush 7 | 1 . 6 . Escape Stasis . | . . . . Rewire . | . . . . Trap . | . . . . Miscellaneous . | . . . . Route ------- -11/Scrapyard -10/Materials (discovered 2 exits: *Min x2) -10/Mines (discovered 2 exits: [*Mat] / *Sub) -10/Subcaves History --------- Turn | Location | Event 6 | -11/Scrapyard | Discovered new exit (range 16) 64 | -11/Scrapyard | Entered Materials 317 | -10/Materials | Build established: Mutant 423 | -10/Materials | Identified exit to Mines 562 | -10/Materials | Entered Mines 567 | -10/Mines | Learned Materials emergency access door positions 570 | -10/Mines | Discovered new exit (range 6) 814 | -10/Mines | Core integrity fell below 50% 834 | -10/Mines | Excavation squad dispatched 834 | -10/Mines | A large section of the Mines collapsed 1235 | -10/Mines | Discovered new exit (range 11) 1256 | -10/Mines | Entered Subcaves 1627 | -10/Subcaves | Learned 4 Materials zone layouts 1905 | -10/Subcaves | Visited 4L-MR0's lab 1936 | -10/Subcaves | Found Gun Armor 2184 | -10/Subcaves | Core integrity fell below 20% 2196 | -10/Subcaves | A Subdweller sparked back to life 2196 | -10/Subcaves | A Subdweller sparked back to life 2204 | -10/Subcaves | Lost 4 parts (1p2n1u) 2204 | -10/Subcaves | Destroyed by WR-U6E(R) with Subdweller Machine Gun Last Messages --------------- Testing Chamber breached. Dropped Sml. Storage Unit. Acquired Gun Armor. Connecting with 4L-MR0's Prototype Logs... Lgt. Ion Engine destroyed. TA-T5C(R) knocked back. Lgt. Treads destroyed. TA-T5C(R) destroyed. Scrap Shield destroyed. Destroyed Scrap Shield. XP-YL2(R) knocked back. XP-YL2(R) destroyed. The unstable cave ceiling collapses. Extracted 1 energy. Acquired 48 matter. Acquired Sub. Power Source. WR-U6E(R) creaks and sparks as it begins to move. HX-ME3(R) creaks and sparks as it begins to move. Map ----- +----------------------------------------------------+ | ?????????????????????????????????????????????????? | | ?????????????????????????????????????????????????? | | ?????????????????????????????????????????????????? | | ?????????????????????????????????????????????????? | | ?????????????????????????????????????????????????? | | ?????????????????????????????????????????????????? | | ?????????????????????????????????????????????????? | | ?????????????????????????????????????????????????? | | ?????????????????????????????????????????????????? | | ?????????????????????????????????????????????????? | | ?????????????????????????????????????????????????? | | ?????????????????????????????????????????????????? | | ?????????????????????????????????????????????????? | | ??????????????????????????????##?????????????????? | | ?????????????????????????????? ###???????????????? | | ????????????????????????????? ##??????????????? | | ????????????????????????????? ##?????????????? | | ????????????????????????????? #?????????????? | | ???????????????????????????? ??????????????? | | ???????????????????????????? ???????????????? | | ???????????????????????????? #???? ?????????? | | ????????????????????????####% ###< & ?????????? | | ??????????????????????### # R